Checkers vs Crunch

Created - Thursday, December 18, 2014 at 23:34

Goals
1 2 3 T
Checkers 1 0 0 1
Crunch 0 1 1 2
Shots
1 2 3 T
Checkers 12 8 12 32
Crunch 4 15 8 27

1st period

1. Checkers , Sami Salo 19 (Corey Locke) at 19:47

Penalties :
No Penalty

2nd period

2. Crunch , Matt Lindblad 6 (Phillip Danault, Brodie Reid) at 4:39

Penalties :
Anton Zlobin (SYR) for Slashing (Minor) at 7:58, Cody Bass (CHA) for Tripping (Minor) at 10:53

3rd period

3. Crunch , Taylor Pyatt 22 (Andre Petersson) at 2:22 (PP)

Penalties :
Cody Bass (CHA) for Holding (Minor) at 1:48, Nick Jensen (SYR) for Fighting (Major) at 2:25, Tom Sestito (CHA) for Fighting (Major) at 2:25, Mike Cornell (CHA) for Elbowing (Minor) at 12:06

Goalie Stats

Drew MacIntyre (CHA), 25 saves from 27 shots - (0.926), L, 18-14-3, 59:40 minutes
Richard Bachman (SYR), 31 saves from 32 shots - (0.969), W, 5-1-2, 60:00 minutes

Players Stats for Checkers

Player Name              G  A  P  +/- PIM S  H  SB GA TA FO     MP     PP MP  PK MP  
------------------------------------------------------------------------------------
Adam Brace               0  0  0   1  0   1  1  2  2  0  0/0    18:50   0:57   0:00 
Andrew Campbell          0  0  0   0  0   2  1  0  0  1  0/0    19:29   0:56   0:56 
Andrew Clark             0  0  0  -1  0   0  0  0  1  1  5/7    18:39   0:00   2:17 
Blake Parlett            0  0  0   0  0   1  1  3  1  0  0/0    22:17   1:03   2:46 
Brian McGrattan          0  0  0   0  0   4  1  0  5  0  2/6    20:23   1:02   0:36 
Cody Bass                0  0  0   0  4   3  3  0  0  1  2/2    19:58   0:34   0:00 
Corey Locke              0  1  1   1  0   4  0  1  3  1  8/14   20:36   0:57   1:39 
Guillaume Desbiens       0  0  0   0  0   0  0  0  0  0  1/1     3:24   0:00   0:00 
J.T. Wyman               0  0  0   1  0   1  0  0  2  0  0/0    15:16   0:57   0:00 
Jim O'Brien              0  0  0   0  0   1  1  1  2  0  4/8     7:25   0:00   0:00 
Julien Brouillette       0  0  0   0  0   0  1  3  0  1  0/0    19:23   0:00   1:46 
Matt Pelech              0  0  0   0  0   0  0  0  0  0  0/0     0:00   0:00   0:00 
Mike Cornell             0  0  0   0  2   3  1  0  0  1  0/0    20:35   1:03   1:50 
Nick Crawford            0  0  0   0  0   2  1  1  0  0  0/0    19:23   0:00   1:46 
Sami Salo                1  0  1   0  0   5  0  2  2  2  0/0    19:04   0:56   0:00 
Sean Backman             0  0  0  -1  0   2  0  0  0  1  4/6    19:40   0:28   0:58 
Tom Sestito              0  0  0  -1  5   2  1  0  4  1  0/0    16:03   1:02   0:50 
Triston Grant            0  0  0   0  0   1  2  0  1  0  0/1    14:54   0:00   2:44 

Players Stats for Crunch

Player Name              G  A  P  +/- PIM S  H  SB GA TA FO     MP     PP MP  PK MP  
------------------------------------------------------------------------------------
Andre Petersson          0  1  1   0  0   1  3  1  3  2  1/1    18:01   2:32   0:00 
Anton Zlobin             0  0  0   0  2   2  0  0  0  1  0/0    13:18   0:00   0:00 
Brodie Reid              0  1  1   0  0   1  0  1  0  0  0/0    10:16   0:00   0:00 
Chad Billins             0  0  0   0  0   4  1  4  3  0  0/0    22:24   1:53   1:06 
Corban Knight            0  0  0   0  0   2  2  0  0  0  3/14   16:24   2:00   0:00 
Danny Syvret             0  0  0   0  0   1  1  1  0  2  0/0    23:51   1:53   1:06 
Eriah Hayes              0  0  0   0  0   1  1  0  2  0  0/1    16:24   2:00   0:00 
Jordin Tootoo            0  0  0   0  0   2  0  0  3  1  0/1    16:24   2:00   0:00 
Karl Stollery            0  0  0   1  0   1  3  1  0  0  0/0    18:58   2:39   0:00 
Markus Lauridsen         0  0  0  -1  0   2  0  1  0  3  0/0    19:04   0:00   0:53 
Matt Lindblad            1  0  1   0  0   1  2  0  0  0  0/0    11:46   0:00   1:04 
Nick Jensen              0  0  0  -1  5   0  1  2  1  0  0/0    16:42   0:00   0:53 
Phillip Danault          0  1  1   0  0   2  4  2  0  0  2/3    11:46   0:00   1:04 
Ryan Strome              0  0  0   0  0   0  1  0  1  0  8/14   18:01   2:32   0:00 
Stanislav Galiev         0  0  0   0  0   2  1  0  1  0  0/0    13:48   0:00   0:55 
Taylor Pyatt             1  0  1   0  0   3  0  0  2  0  0/1    18:01   2:32   0:00 
Travis Oleksuk           0  0  0   0  0   2  2  0  0  0  5/10   13:48   0:00   0:55 
Zach Trotman             0  0  0   1  0   0  1  2  1  5  0/0    18:58   2:39   0:00 

3 Stars

1 - Richard Bachman (SYR)
2 - Matt Lindblad (SYR)
3 - Phillip Danault (SYR)

Power Play

Checkers - 0 on 1 Attempt(s) - 0.00%
Crunch - 1 on 3 Attempt(s) - 33.33%

Penalty Kill

Checkers - 2 on 3 Attempt(s) - 66.67% - Score 0 goal in Penalty Kill
Crunch - 1 on 1 Attempt(s) - 100.00% - Score 0 goal in Penalty Kill

Official

Referees : Unknown
Linesman : Unknown

Game Notes

Jim O'Brien is injured at 1:09 of 2nd period (Back)
Tom Sestito beats up Nick Jensen at 2:25 of 3rd period

Finance

Level 1 -- Attendance: 1456 (72.80%) -- Ticket Income $36,400
Level 2 -- Attendance: 817 (81.70%) -- Ticket Income $8,170
Total Attendance: 2273 (75.77%)
Total Ticket Income: $44,570
Other Income: $21,839
Total Income: $66,409

Checkers

5 vs 5 Forward 
   Center                   Left Wing                Right Wing               Time % Phy DF OF 
 1 Jim O'Brien              Tom Sestito              Brian McGrattan          28     1   2  2  
 2 Corey Locke              Adam Brace               J.T. Wyman               27     1   2  2  
 3 Andrew Clark             Jim O'Brien              Sean Backman             25     1   2  2  
 4 Brian McGrattan          Triston Grant            Cody Bass                20     1   2  2  

5 vs 5 Defense 
   Defense                  Defense                                           Time % Phy DF OF 
 1 Sami Salo                Andrew Campbell                                   35     1   2  2  
 2 Mike Cornell             Blake Parlett                                     35     1   2  2  
 3 Nick Crawford            Julien Brouillette                                30     1   2  2  
 4 Sami Salo                Andrew Campbell                                   0      1   2  2  

PowerPlay Forward 
   Center                   Left Wing                Right Wing               Time % Phy DF OF 
 1 Jim O'Brien              Tom Sestito              Brian McGrattan          50     0   1  4  
 2 Corey Locke              Adam Brace               J.T. Wyman               50     0   1  4  

PowerPlay Defense
   Defense                  Defense                                           Time % Phy DF OF 
 1 Sami Salo                Andrew Campbell                                   50     0   1  4  
 2 Mike Cornell             Blake Parlett                                     50     0   1  4  

Penalty Kill 4 Players Forward 
   Center                   Wing                     Time % Phy DF OF 
 1 Jim O'Brien              Triston Grant            50     0   4  1  
 2 Andrew Clark             Sean Backman             50     0   4  1  

Penalty Kill 4 Players Defense
   Defense                  Defense                  Time % Phy DF OF 
 1 Nick Crawford            Julien Brouillette       50     0   4  1  
 2 Mike Cornell             Blake Parlett            50     0   4  1  

Penalty Kill - 3 Players Forward 
   Forward                                           Time % Phy DF OF 
 1 Jim O'Brien                                       50     0   5  0  
 2 Andrew Clark                                      50     0   5  0  

Penalty Kill - 3 Players Defense
   Defense                  Defense                  Time % Phy DF OF 
 1 Nick Crawford            Julien Brouillette       50     1   4  0  
 2 Mike Cornell             Blake Parlett            50     1   4  0  

4 vs 4 Forward 
   Center                   Wing                     Time % Phy DF OF 
 1 Jim O'Brien              Sean Backman             50     1   2  2  
 2 Tom Sestito              Corey Locke              50     1   2  2  

4 vs 4 Defense
   Defense                  Defense                  Time % Phy DF OF 
 1 Sami Salo                Andrew Campbell          50     1   2  2  
 2 Mike Cornell             Blake Parlett            50     1   2  2  

Last Minutes Offensive
   Center                   Left Wing                Right Wing               Defense                  Defense                  
   Jim O'Brien              Tom Sestito              Brian McGrattan          Blake Parlett            Sami Salo                

Last Minutes Defensive
   Center                   Left Wing                Right Wing               Defense                  Defense                  
   Jim O'Brien              Tom Sestito              Brian McGrattan          Blake Parlett            Sami Salo                

Goaltenders
Starting : Drew MacIntyre           
Backup : Nathan Lawson            

Extra Forwards
Normal : Sean Backman, Cody Bass, Andrew Clark - PP : Sean Backman, Cody Bass - PK : Andrew Clark
Extra Defensemen
Normal : Mike Cornell, Andrew Campbell, Nick Crawford - PP : Mike Cornell - PK : Blake Parlett, Nick Crawford
Penalty Shots
Jim O'Brien, Andrew Clark, Tom Sestito, Corey Locke, J.T. Wyman

Crunch

5 vs 5 Forward 
   Center                   Left Wing                Right Wing               Time % Phy DF OF 
 1 Ryan Strome              Andre Petersson          Taylor Pyatt             35     1   2  2  
 2 Corban Knight            Jordin Tootoo            Eriah Hayes              30     1   2  2  
 3 Travis Oleksuk           Stanislav Galiev         Anton Zlobin             20     1   2  2  
 4 Phillip Danault          Matt Lindblad            Brodie Reid              15     1   2  2  

5 vs 5 Defense 
   Defense                  Defense                                           Time % Phy DF OF 
 1 Danny Syvret             Chad Billins                                      34     1   2  2  
 2 Zach Trotman             Karl Stollery                                     33     1   2  2  
 3 Nick Jensen              Markus Lauridsen                                  33     1   2  2  
 4 Danny Syvret             Chad Billins                                      0      0   5  0  

PowerPlay Forward 
   Center                   Left Wing                Right Wing               Time % Phy DF OF 
 1 Ryan Strome              Andre Petersson          Taylor Pyatt             60     0   1  4  
 2 Corban Knight            Jordin Tootoo            Eriah Hayes              40     0   2  3  

PowerPlay Defense
   Defense                  Defense                                           Time % Phy DF OF 
 1 Danny Syvret             Chad Billins                                      60     0   2  3  
 2 Zach Trotman             Karl Stollery                                     40     0   2  3  

Penalty Kill 4 Players Forward 
   Center                   Wing                     Time % Phy DF OF 
 1 Travis Oleksuk           Stanislav Galiev         50     1   4  0  
 2 Phillip Danault          Matt Lindblad            50     1   4  0  

Penalty Kill 4 Players Defense
   Defense                  Defense                  Time % Phy DF OF 
 1 Nick Jensen              Markus Lauridsen         50     1   4  0  
 2 Danny Syvret             Chad Billins             50     1   4  0  

Penalty Kill - 3 Players Forward 
   Forward                                           Time % Phy DF OF 
 1 Travis Oleksuk                                    50     1   4  0  
 2 Phillip Danault                                   50     1   4  0  

Penalty Kill - 3 Players Defense
   Defense                  Defense                  Time % Phy DF OF 
 1 Nick Jensen              Markus Lauridsen         50     1   4  0  
 2 Danny Syvret             Chad Billins             50     1   4  0  

4 vs 4 Forward 
   Center                   Wing                     Time % Phy DF OF 
 1 Ryan Strome              Taylor Pyatt             60     0   1  4  
 2 Corban Knight            Jordin Tootoo            40     1   2  2  

4 vs 4 Defense
   Defense                  Defense                  Time % Phy DF OF 
 1 Danny Syvret             Chad Billins             50     1   2  2  
 2 Zach Trotman             Karl Stollery            50     1   2  2  

Last Minutes Offensive
   Center                   Left Wing                Right Wing               Defense                  Defense                  
   Ryan Strome              Andre Petersson          Taylor Pyatt             Danny Syvret             Chad Billins             

Last Minutes Defensive
   Center                   Left Wing                Right Wing               Defense                  Defense                  
   Ryan Strome              Andre Petersson          Taylor Pyatt             Danny Syvret             Chad Billins             

Goaltenders
Starting : Richard Bachman          
Backup : Michael Houser           

Extra Forwards
Normal : Taylor Pyatt, Ryan Strome, Jordin Tootoo - PP : Taylor Pyatt, Ryan Strome - PK : Taylor Pyatt
Extra Defensemen
Normal : Danny Syvret, Chad Billins, Zach Trotman - PP : Danny Syvret - PK : Danny Syvret, Chad Billins
Penalty Shots
Andre Petersson, Ryan Strome, Eriah Hayes, Jordin Tootoo, Corban Knight

% Time on Ice - Checkers

Lines # - Real PCT - Wanted PCT - Time Play
Normal Forward
1 - 31% - 28% - 16:26
2 - 27% - 27% - 14:19
3 - 27% - 25% - 14:10
4 - 15% - 20% - 7:40
Normal Defense
1 - 35% - 35% - 18:31
2 - 34% - 35% - 17:43
3 - 31% - 30% - 16:21
4 - 0% - 0% - 0:00
PP Forward
1 - 52% - 50% - 1:02
2 - 48% - 50% - 0:57
PP Defense
1 - 47% - 50% - 0:56
2 - 53% - 50% - 1:03
PK Forward
1 - 79% - 50% - 3:34
2 - 21% - 50% - 0:58
PK Defense
1 - 39% - 50% - 1:46
2 - 61% - 50% - 2:46
PK3 Forward
1 - 0% - 50%
2 - 0% - 50%
PK3 Defense
1 - 0% - 50%
2 - 0% - 50%
44 Forward
1 - 0% - 50%
2 - 0% - 50%
44 Defense
1 - 0% - 50%
2 - 0% - 50%
Last Minute Offensive  - 0:54
Last Minute Defensive  - 0:00
Total
Forward - 60:00
Defense - 60:00

% Time on Ice - Crunch

Lines # - Real PCT - Wanted PCT - Time Play
Normal Forward
1 - 29% - 35% - 15:30
2 - 28% - 30% - 14:50
3 - 24% - 20% - 12:53
4 - 19% - 15% - 10:16
Normal Defense
1 - 32% - 34% - 17:07
2 - 31% - 33% - 16:45
3 - 34% - 33% - 18:11
4 - 3% - 0% - 1:26
PP Forward
1 - 56% - 60% - 2:32
2 - 44% - 40% - 2:00
PP Defense
1 - 42% - 60% - 1:53
2 - 58% - 40% - 2:39
PK Forward
1 - 46% - 50% - 0:55
2 - 54% - 50% - 1:04
PK Defense
1 - 45% - 50% - 0:53
2 - 55% - 50% - 1:06
PK3 Forward
1 - 0% - 50%
2 - 0% - 50%
PK3 Defense
1 - 0% - 50%
2 - 0% - 50%
44 Forward
1 - 0% - 60%
2 - 0% - 40%
44 Defense
1 - 0% - 50%
2 - 0% - 50%
Last Minute Offensive  - 0:00
Last Minute Defensive  - 0:00
Total
Forward - 60:00
Defense - 60:00

Play by Play

1st period


0:01 of 1st period - Ryan Strome wins face-off versus Jim O'Brien in neutral zone.
0:32 of 1st period - Slapshot by Chad Billins.
0:32 of 1st period - Shot Misses the Net.
0:34 of 1st period - Slapshot by Danny Syvret.
0:34 of 1st period - Deflect By Taylor Pyatt.
0:34 of 1st period - Shot Misses the Net.
0:34 of 1st period - Puck is out of play.
0:35 of 1st period - Corban Knight wins face-off versus Corey Locke in Checkers zone.
0:42 of 1st period - Wrist shot by Eriah Hayes.
0:42 of 1st period - Deflect By Jordin Tootoo.
0:42 of 1st period - Shot Blocked by Blake Parlett.
0:42 of 1st period - Puck is out of play.
0:43 of 1st period - Corey Locke wins face-off versus Corban Knight in Checkers zone.
0:50 of 1st period - Slapshot by Corey Locke.
0:50 of 1st period - Shot Blocked by Karl Stollery.
0:57 of 1st period - Icing by Karl Stollery.
0:58 of 1st period - Andrew Clark wins face-off versus Corban Knight in Crunch zone.
1:11 of 1st period - Julien Brouillette is hit by Corban Knight and loses puck.
1:47 of 1st period - Brian McGrattan is hit by Stanislav Galiev and loses puck.
1:58 of 1st period - Snap shot by Travis Oleksuk.
1:58 of 1st period - Shot Blocked by Nick Crawford.
4:04 of 1st period - Slapshot by Sami Salo.
4:04 of 1st period - Deflect By Andrew Clark.
4:04 of 1st period - Shot Misses the Net.
4:04 of 1st period - Puck is out of play.
4:05 of 1st period - Jim O'Brien wins face-off versus Travis Oleksuk in Crunch zone.
4:14 of 1st period - Snap shot by Jim O'Brien.
4:14 of 1st period - Deflect By Karl Stollery.
4:14 of 1st period - Stopped by Richard Bachman with a rebound.
5:15 of 1st period - Snap shot by Tom Sestito.
5:15 of 1st period - Stopped by Richard Bachman with a rebound.
5:17 of 1st period - Wrist shot by Brian McGrattan.
5:17 of 1st period - Stopped by Richard Bachman without a rebound.
5:18 of 1st period - Ryan Strome wins face-off versus Jim O'Brien in Crunch zone.
5:46 of 1st period - Snap shot by Corey Locke.
5:46 of 1st period - Shot Blocked by Chad Billins.
6:18 of 1st period - Danny Syvret is hit by Brian McGrattan and loses puck.
6:23 of 1st period - Wrist shot by Brian McGrattan.
6:23 of 1st period - Shot Blocked by Andre Petersson.
6:25 of 1st period - Snap shot by Cody Bass.
6:25 of 1st period - Shot Blocked by Danny Syvret.
6:27 of 1st period - Slapshot by Blake Parlett.
6:27 of 1st period - Stopped by Richard Bachman with a rebound.
6:29 of 1st period - Wrist shot by Brian McGrattan.
6:29 of 1st period - Shot Blocked by Chad Billins.
6:31 of 1st period - Slapshot by Mike Cornell.
6:31 of 1st period - Stopped by Richard Bachman without a rebound.
6:32 of 1st period - Brian McGrattan wins face-off versus Corban Knight in Crunch zone.
7:18 of 1st period - J.T. Wyman is hit by Nick Jensen and loses puck.
8:15 of 1st period - Sean Backman is hit by Phillip Danault.
8:54 of 1st period - Wrist shot by Tom Sestito.
8:54 of 1st period - Stopped by Richard Bachman with a rebound.
8:56 of 1st period - Slapshot by Sami Salo.
8:56 of 1st period - Stopped by Richard Bachman without a rebound.
8:57 of 1st period - Jim O'Brien wins face-off versus Eriah Hayes in Crunch zone.
9:25 of 1st period - Andrew Clark is hit by Andre Petersson and loses puck.
9:42 of 1st period - Snap shot by Taylor Pyatt.
9:42 of 1st period - Shot Hit the Post.
10:28 of 1st period - Wrist shot by Adam Brace.
10:28 of 1st period - Stopped by Richard Bachman with a rebound.
10:30 of 1st period - Wrist shot by J.T. Wyman.
10:30 of 1st period - Stopped by Richard Bachman with a rebound.
10:44 of 1st period - Travis Oleksuk is hit by Julien Brouillette and loses puck.
10:49 of 1st period - Snap shot by Cody Bass.
10:49 of 1st period - Stopped by Richard Bachman with a rebound.
10:51 of 1st period - Slapshot by Nick Crawford.
10:51 of 1st period - Shot Misses the Net.
10:53 of 1st period - Slapshot by Julien Brouillette.
10:53 of 1st period - Shot Misses the Net.
10:55 of 1st period - Snap shot by Julien Brouillette.
10:55 of 1st period - Shot Misses the Net.
10:57 of 1st period - Snap shot by Nick Crawford.
10:57 of 1st period - Stopped by Richard Bachman without a rebound.
10:58 of 1st period - Sean Backman wins face-off versus Jordin Tootoo in Crunch zone.
11:45 of 1st period - Ryan Strome is hit by Mike Cornell.
12:21 of 1st period - Icing by Zach Trotman.
12:22 of 1st period - Ryan Strome wins face-off versus Triston Grant in Crunch zone.
12:56 of 1st period - Off-side.
12:57 of 1st period - Jim O'Brien wins face-off versus Corban Knight in neutral zone.
13:23 of 1st period - Wrist shot by Eriah Hayes.
13:23 of 1st period - Shot Blocked by Sami Salo.
15:05 of 1st period - Off-side.
15:06 of 1st period - Phillip Danault wins face-off versus Sean Backman in neutral zone.
15:09 of 1st period - Cody Bass is hit by Phillip Danault and loses puck.
15:20 of 1st period - Snap shot by Triston Grant.
15:20 of 1st period - Shot Blocked by Brodie Reid.
15:58 of 1st period - Jordin Tootoo is hit by Blake Parlett and loses puck.
16:19 of 1st period - Andrew Campbell is hit by Corban Knight and loses puck.
16:57 of 1st period - Snap shot by Taylor Pyatt.
16:57 of 1st period - Shot Blocked by Adam Brace.
17:19 of 1st period - Snap shot by Travis Oleksuk.
17:19 of 1st period - Shot Blocked by Julien Brouillette.
17:21 of 1st period - Snap shot by Anton Zlobin.
17:21 of 1st period - Stopped by Drew MacIntyre without a rebound.
17:22 of 1st period - Travis Oleksuk wins face-off versus Andrew Clark in Checkers zone.
17:49 of 1st period - Snap shot by Travis Oleksuk.
17:49 of 1st period - Deflect By Stanislav Galiev.
17:49 of 1st period - Stopped by Drew MacIntyre without a rebound.
17:50 of 1st period - Corban Knight wins face-off versus Brian McGrattan in Checkers zone.
19:47 of 1st period - Slapshot by Sami Salo.
19:47 of 1st period - Goal by Sami Salo - Checkers : 1 - Crunch : 0.
19:48 of 1st period - Travis Oleksuk wins face-off versus Corey Locke in neutral zone.
19:51 of 1st period - Snap shot by Markus Lauridsen.
19:51 of 1st period - Shot Blocked by Corey Locke.
19:53 of 1st period - Wrist shot by Stanislav Galiev.
19:53 of 1st period - Shot Blocked by Adam Brace.
19:55 of 1st period - Slapshot by Travis Oleksuk.
19:55 of 1st period - Shot Misses the Net.
19:57 of 1st period - Snap shot by Stanislav Galiev.
19:57 of 1st period - Stopped by Drew MacIntyre with a rebound.
19:59 of 1st period - Slapshot by Markus Lauridsen.
19:59 of 1st period - Stopped by Drew MacIntyre with a rebound.
Goals for this period are 1 for Checkers vs 0 for Crunch.
Shots for this period are 12 for Checkers vs 4 for Crunch.

2nd period


0:01 of 2nd period - Jim O'Brien wins face-off versus Ryan Strome in neutral zone.
0:04 of 2nd period - Andre Petersson is hit by Jim O'Brien and loses puck.
0:19 of 2nd period - Wrist shot by Taylor Pyatt.
0:19 of 2nd period - Shot Misses the Net.
0:21 of 2nd period - Slapshot by Chad Billins.
0:21 of 2nd period - Stopped by Drew MacIntyre with a rebound.
0:23 of 2nd period - Snap shot by Danny Syvret.
0:23 of 2nd period - Stopped by Drew MacIntyre without a rebound.
0:24 of 2nd period - Corey Locke wins face-off versus Corban Knight in Checkers zone.
0:57 of 2nd period - Wrist shot by Corey Locke.
0:57 of 2nd period - Stopped by Richard Bachman without a rebound.
0:58 of 2nd period - Andre Petersson wins face-off versus Jim O'Brien in Crunch zone.
1:03 of 2nd period - Snap shot by Taylor Pyatt.
1:03 of 2nd period - Stopped by Drew MacIntyre without a rebound.
1:04 of 2nd period - Ryan Strome wins face-off versus Jim O'Brien in Checkers zone.
1:05 of 2nd period - Wrist shot by Andre Petersson.
1:05 of 2nd period - Stopped by Drew MacIntyre with a rebound.
1:07 of 2nd period - Slapshot by Chad Billins.
1:07 of 2nd period - Stopped by Drew MacIntyre with a rebound.
1:09 of 2nd period - Slapshot by Chad Billins.
1:09 of 2nd period - Deflect By Taylor Pyatt.
1:09 of 2nd period - Shot Blocked by Jim O'Brien.
1:09 of 2nd period - Jim O'Brien from Checkers is injured at 1:09 of 2nd period (Back).
1:10 of 2nd period - Sean Backman wins face-off versus Ryan Strome in Checkers zone.
1:47 of 2nd period - Snap shot by Brian McGrattan.
1:47 of 2nd period - Shot Misses the Net.
4:22 of 2nd period - Wrist shot by Tom Sestito.
4:22 of 2nd period - Shot Misses the Net.
4:30 of 2nd period - Sean Backman is hit by Karl Stollery and loses puck.
4:37 of 2nd period - Wrist shot by Matt Lindblad.
4:37 of 2nd period - Shot Misses the Net.
4:39 of 2nd period - Snap shot by Matt Lindblad.
4:39 of 2nd period - Goal by Matt Lindblad - Checkers : 1 - Crunch : 1.
4:40 of 2nd period - Corey Locke wins face-off versus Corban Knight in neutral zone.
4:43 of 2nd period - Karl Stollery is hit by Adam Brace and loses puck.
5:00 of 2nd period - Snap shot by Jordin Tootoo.
5:00 of 2nd period - Stopped by Drew MacIntyre with a rebound.
5:02 of 2nd period - Wrist shot by Corban Knight.
5:02 of 2nd period - Stopped by Drew MacIntyre with a rebound.
5:06 of 2nd period - Snap shot by Corban Knight.
5:06 of 2nd period - Shot Misses the Net.
5:08 of 2nd period - Slapshot by Zach Trotman.
5:08 of 2nd period - Shot Blocked by Julien Brouillette.
5:10 of 2nd period - Wrist shot by Eriah Hayes.
5:10 of 2nd period - Shot Blocked by Julien Brouillette.
5:12 of 2nd period - Wrist shot by Corban Knight.
5:12 of 2nd period - Shot Misses the Net.
5:14 of 2nd period - Wrist shot by Eriah Hayes.
5:14 of 2nd period - Stopped by Drew MacIntyre without a rebound.
5:15 of 2nd period - Brian McGrattan wins face-off versus Phillip Danault in Checkers zone.
5:26 of 2nd period - Snap shot by Brian McGrattan.
5:26 of 2nd period - Stopped by Richard Bachman with a rebound.
5:28 of 2nd period - Slapshot by Mike Cornell.
5:28 of 2nd period - Stopped by Richard Bachman with a rebound.
5:30 of 2nd period - Snap shot by Cody Bass.
5:30 of 2nd period - Shot Misses the Net.
5:32 of 2nd period - Slapshot by Blake Parlett.
5:32 of 2nd period - Shot Blocked by Phillip Danault.
5:34 of 2nd period - Slapshot by Blake Parlett.
5:34 of 2nd period - Shot Misses the Net.
5:40 of 2nd period - Wrist shot by Brian McGrattan.
5:40 of 2nd period - Shot Misses the Net.
5:42 of 2nd period - Slapshot by Blake Parlett.
5:42 of 2nd period - Shot Blocked by Nick Jensen.
5:44 of 2nd period - Slapshot by Mike Cornell.
5:44 of 2nd period - Deflect By Triston Grant.
5:44 of 2nd period - Stopped by Richard Bachman with a rebound.
5:46 of 2nd period - Slapshot by Mike Cornell.
5:46 of 2nd period - Stopped by Richard Bachman without a rebound.
5:47 of 2nd period - Ryan Strome wins face-off versus Andrew Clark in Crunch zone.
6:11 of 2nd period - Snap shot by Taylor Pyatt.
6:11 of 2nd period - Stopped by Drew MacIntyre without a rebound.
6:12 of 2nd period - Corey Locke wins face-off versus Corban Knight in Checkers zone.
7:58 of 2nd period - Minor Penalty to Anton Zlobin for Slashing.
7:59 of 2nd period - Travis Oleksuk wins face-off versus Corey Locke in Crunch zone.
9:20 of 2nd period - Slapshot by Chad Billins.
9:20 of 2nd period - Shot Misses the Net.
9:22 of 2nd period - Wrist shot by Travis Oleksuk.
9:22 of 2nd period - Shot Blocked by Sami Salo.
9:58 of 2nd period - Penalty to Anton Zlobin is over, Anton Zlobin is back on ice.
10:06 of 2nd period - Snap shot by Sean Backman.
10:06 of 2nd period - Shot Blocked by Chad Billins.
10:53 of 2nd period - Minor Penalty to Cody Bass for Tripping.
10:54 of 2nd period - Andrew Clark wins face-off versus Corban Knight in Checkers zone.
11:12 of 2nd period - Wrist shot by Jordin Tootoo.
11:12 of 2nd period - Stopped by Drew MacIntyre with a rebound.
11:14 of 2nd period - Slapshot by Karl Stollery.
11:14 of 2nd period - Shot Blocked by Blake Parlett.
11:16 of 2nd period - Snap shot by Eriah Hayes.
11:16 of 2nd period - Shot Misses the Net.
11:49 of 2nd period - Danny Syvret is hit by Triston Grant and loses puck.
12:33 of 2nd period - Icing by Zach Trotman.
12:34 of 2nd period - Corban Knight wins face-off versus Corey Locke in Crunch zone.
12:53 of 2nd period - Penalty to Cody Bass is over, Cody Bass is back on ice.
13:40 of 2nd period - Snap shot by Anton Zlobin.
13:40 of 2nd period - Stopped by Drew MacIntyre with a rebound.
13:42 of 2nd period - Slapshot by Markus Lauridsen.
13:42 of 2nd period - Stopped by Drew MacIntyre with a rebound.
14:30 of 2nd period - Andrew Campbell is hit by Matt Lindblad and loses puck.
14:47 of 2nd period - Matt Lindblad is hit by Cody Bass and loses puck.
14:58 of 2nd period - Adam Brace is hit by Phillip Danault and loses puck.
15:30 of 2nd period - Snap shot by Corban Knight.
15:30 of 2nd period - Stopped by Drew MacIntyre with a rebound.
15:44 of 2nd period - Snap shot by Brian McGrattan.
15:44 of 2nd period - Shot Misses the Net.
15:46 of 2nd period - Slapshot by Andrew Campbell.
15:46 of 2nd period - Stopped by Richard Bachman with a rebound.
15:48 of 2nd period - Snap shot by Sami Salo.
15:48 of 2nd period - Shot Misses the Net.
15:50 of 2nd period - Slapshot by Corey Locke.
15:50 of 2nd period - Stopped by Richard Bachman without a rebound.
15:51 of 2nd period - Travis Oleksuk wins face-off versus Corey Locke in Crunch zone.
16:25 of 2nd period - Sami Salo is hit by Travis Oleksuk and loses puck.
16:39 of 2nd period - Off-side.
16:40 of 2nd period - Ryan Strome wins face-off versus Brian McGrattan in neutral zone.
16:47 of 2nd period - Julien Brouillette is hit by Ryan Strome.
17:37 of 2nd period - Icing by Corey Locke.
17:38 of 2nd period - Corey Locke wins face-off versus Corban Knight in Checkers zone.
18:05 of 2nd period - Snap shot by Jordin Tootoo.
18:05 of 2nd period - Shot Misses the Net.
18:20 of 2nd period - Danny Syvret is hit by Andrew Campbell and loses puck.
18:36 of 2nd period - Wrist shot by Stanislav Galiev.
18:36 of 2nd period - Shot Misses the Net.
18:44 of 2nd period - Wrist shot by Travis Oleksuk.
18:44 of 2nd period - Shot Misses the Net.
18:46 of 2nd period - Wrist shot by Travis Oleksuk.
18:46 of 2nd period - Stopped by Drew MacIntyre with a rebound.
19:02 of 2nd period - Snap shot by Tom Sestito.
19:02 of 2nd period - Shot Blocked by Nick Jensen.
19:04 of 2nd period - Slapshot by Nick Crawford.
19:04 of 2nd period - Stopped by Richard Bachman with a rebound.
19:06 of 2nd period - Slapshot by Sami Salo.
19:06 of 2nd period - Shot Blocked by Phillip Danault.
Goals for this period are 0 for Checkers vs 1 for Crunch.
Shots for this period are 8 for Checkers vs 15 for Crunch.

3rd period


0:01 of 3rd period - Sean Backman wins face-off versus Ryan Strome in neutral zone.
0:14 of 3rd period - Snap shot by Tom Sestito.
0:14 of 3rd period - Shot Misses the Net.
1:24 of 3rd period - Slapshot by J.T. Wyman.
1:24 of 3rd period - Shot Misses the Net.
1:26 of 3rd period - Wrist shot by Corey Locke.
1:26 of 3rd period - Stopped by Richard Bachman with a rebound.
1:38 of 3rd period - Wrist shot by Brian McGrattan.
1:38 of 3rd period - Shot Misses the Net.
1:40 of 3rd period - Snap shot by Sami Salo.
1:40 of 3rd period - Deflect By Brian McGrattan.
1:40 of 3rd period - Shot Blocked by Chad Billins.
1:40 of 3rd period - Puck is out of play.
1:41 of 3rd period - Travis Oleksuk wins face-off versus Brian McGrattan in Crunch zone.
1:41 of 3rd period - Travis Oleksuk is hit by Cody Bass.
1:48 of 3rd period - Minor Penalty to Cody Bass for Holding.
1:49 of 3rd period - Andrew Clark wins face-off versus Taylor Pyatt in Checkers zone.
2:22 of 3rd period - Snap shot by Taylor Pyatt.
2:22 of 3rd period - Goal by Taylor Pyatt - Checkers : 1 - Crunch : 2.
2:23 of 3rd period - Sean Backman wins face-off versus Travis Oleksuk in neutral zone.
2:25 of 3rd period - Tom Sestito beats up Nick Jensen.
2:25 of 3rd period - Penalty to Nick Jensen for Fighting.
2:25 of 3rd period - Penalty to Tom Sestito for Fighting.
2:26 of 3rd period - Ryan Strome wins face-off versus Sean Backman in Crunch zone.
2:26 of 3rd period - Ryan Strome is hit by Cody Bass.
2:48 of 3rd period - Wrist shot by Cody Bass.
2:48 of 3rd period - Stopped by Richard Bachman without a rebound.
2:49 of 3rd period - Corey Locke wins face-off versus Corban Knight in Crunch zone.
3:02 of 3rd period - Wrist shot by Jordin Tootoo.
3:02 of 3rd period - Deflect By Eriah Hayes.
3:02 of 3rd period - Shot Misses the Net.
3:02 of 3rd period - Puck is out of play.
3:03 of 3rd period - Corey Locke wins face-off versus Corban Knight in Checkers zone.
3:10 of 3rd period - Snap shot by Corey Locke.
3:10 of 3rd period - Shot Misses the Net.
3:20 of 3rd period - Wrist shot by Corey Locke.
3:20 of 3rd period - Stopped by Richard Bachman with a rebound.
3:25 of 3rd period - Off-side.
3:26 of 3rd period - Ryan Strome wins face-off versus Brian McGrattan in neutral zone.
3:39 of 3rd period - Slapshot by Cody Bass.
3:39 of 3rd period - Stopped by Richard Bachman with a rebound.
3:41 of 3rd period - Slapshot by Cody Bass.
3:41 of 3rd period - Shot Misses the Net.
3:47 of 3rd period - Wrist shot by Brian McGrattan.
3:47 of 3rd period - Shot Blocked by Zach Trotman.
3:49 of 3rd period - Wrist shot by Brian McGrattan.
3:49 of 3rd period - Shot Blocked by Zach Trotman.
3:51 of 3rd period - Slapshot by Brian McGrattan.
3:51 of 3rd period - Stopped by Richard Bachman without a rebound.
3:52 of 3rd period - Andrew Clark wins face-off versus Travis Oleksuk in Crunch zone.
3:53 of 3rd period - Snap shot by Sean Backman.
3:53 of 3rd period - Stopped by Richard Bachman with a rebound.
4:25 of 3rd period - Julien Brouillette is hit by Travis Oleksuk and loses puck.
4:54 of 3rd period - Zach Trotman is hit by Nick Crawford and loses puck.
5:42 of 3rd period - Adam Brace is hit by Zach Trotman and loses puck.
6:58 of 3rd period - Wrist shot by Travis Oleksuk.
6:58 of 3rd period - Stopped by Drew MacIntyre with a rebound.
7:10 of 3rd period - Slapshot by Travis Oleksuk.
7:10 of 3rd period - Shot Misses the Net.
7:26 of 3rd period - Julien Brouillette is hit by Eriah Hayes and loses puck.
7:35 of 3rd period - Julien Brouillette is hit by Danny Syvret and loses puck.
8:00 of 3rd period - Slapshot by Sami Salo.
8:00 of 3rd period - Stopped by Richard Bachman with a rebound.
8:02 of 3rd period - Wrist shot by Andrew Campbell.
8:02 of 3rd period - Stopped by Richard Bachman with a rebound.
8:04 of 3rd period - Wrist shot by Tom Sestito.
8:04 of 3rd period - Shot Blocked by Markus Lauridsen.
8:06 of 3rd period - Slapshot by Andrew Campbell.
8:06 of 3rd period - Shot Misses the Net.
8:08 of 3rd period - Wrist shot by Sami Salo.
8:08 of 3rd period - Stopped by Richard Bachman with a rebound.
8:50 of 3rd period - Andre Petersson is hit by Tom Sestito and loses puck.
9:05 of 3rd period - Andrew Clark is hit by Andre Petersson and loses puck.
9:35 of 3rd period - Adam Brace is hit by Phillip Danault and loses puck.
9:42 of 3rd period - Adam Brace is hit by Matt Lindblad.
9:46 of 3rd period - Blake Parlett is hit by Chad Billins and loses puck.
10:01 of 3rd period - Icing by Mike Cornell.
10:02 of 3rd period - Guillaume Desbiens wins face-off versus Travis Oleksuk in Checkers zone.
10:35 of 3rd period - Triston Grant is hit by Karl Stollery and loses puck.
10:57 of 3rd period - Sami Salo is hit by Karl Stollery and loses puck.
11:35 of 3rd period - Icing by Brodie Reid.
11:36 of 3rd period - Phillip Danault wins face-off versus Corey Locke in Crunch zone.
12:06 of 3rd period - Minor Penalty to Mike Cornell for Elbowing.
12:07 of 3rd period - Andrew Clark wins face-off versus Ryan Strome in Checkers zone.
13:45 of 3rd period - Brian McGrattan is hit by Andre Petersson and loses puck.
14:00 of 3rd period - Slapshot by Jordin Tootoo.
14:00 of 3rd period - Shot Misses the Net.
14:02 of 3rd period - Slapshot by Danny Syvret.
14:02 of 3rd period - Shot Misses the Net.
14:04 of 3rd period - Snap shot by Corban Knight.
14:04 of 3rd period - Shot Misses the Net.
14:06 of 3rd period - Penalty to Mike Cornell is over, Mike Cornell is back on ice.
15:31 of 3rd period - Snap shot by Brodie Reid.
15:31 of 3rd period - Shot Misses the Net.
15:33 of 3rd period - Slapshot by Karl Stollery.
15:33 of 3rd period - Stopped by Drew MacIntyre without a rebound.
15:34 of 3rd period - Corey Locke wins face-off versus Ryan Strome in Checkers zone.
15:57 of 3rd period - Slapshot by Sean Backman.
15:57 of 3rd period - Stopped by Richard Bachman with a rebound.
16:43 of 3rd period - Travis Oleksuk is hit by Triston Grant and loses puck.
16:50 of 3rd period - Slapshot by Chad Billins.
16:50 of 3rd period - Stopped by Drew MacIntyre with a rebound.
16:52 of 3rd period - Slapshot by Chad Billins.
16:52 of 3rd period - Shot Misses the Net.
17:34 of 3rd period - Snap shot by Matt Lindblad.
17:34 of 3rd period - Shot Misses the Net.
17:40 of 3rd period - Snap shot by Phillip Danault.
17:40 of 3rd period - Stopped by Drew MacIntyre with a rebound.
17:42 of 3rd period - Snap shot by Brodie Reid.
17:42 of 3rd period - Stopped by Drew MacIntyre with a rebound.
17:48 of 3rd period - Wrist shot by Phillip Danault.
17:48 of 3rd period - Stopped by Drew MacIntyre without a rebound.
17:49 of 3rd period - Cody Bass wins face-off versus Ryan Strome in Checkers zone.
18:12 of 3rd period - Wrist shot by Andre Petersson.
18:12 of 3rd period - Shot Blocked by Blake Parlett.
19:14 of 3rd period - Slapshot by Chad Billins.
19:14 of 3rd period - Deflect By Brian McGrattan.
19:14 of 3rd period - Stopped by Drew MacIntyre without a rebound.
19:15 of 3rd period - Todd Nelson call a timeout for Checkers.
19:15 of 3rd period - Cody Bass wins face-off versus Travis Oleksuk in Checkers zone.
19:34 of 3rd period - Slapshot by Travis Oleksuk.
19:34 of 3rd period - Shot Misses the Net.
19:40 of 3rd period - Checkers, Drew MacIntyre is pulled from the net.
19:50 of 3rd period - Slapshot by Brian McGrattan.
19:50 of 3rd period - Stopped by Richard Bachman with a rebound.
19:52 of 3rd period - Snap shot by Sami Salo.
19:52 of 3rd period - Stopped by Richard Bachman with a rebound.
Goals for this period are 0 for Checkers vs 1 for Crunch.
Shots for this period are 12 for Checkers vs 8 for Crunch.


Output by the SimonT Hockey Simulator (STHS) for Eric Dolegowski -- Original Page W3C XHTML 1.0 Valid
Hockey Simulator - Hockey Simulation - Hockey Manager